 Dungeon Crawl Stone Soup version 0.25-a0-248-g18654cfe15 (webtiles) character file.

Game seed: 16711408849771055276, levelgen mode: deterministic

241 MrRokkomies the Skirmisher (level 6, -9/52 HPs)
             Began as a Ghoul Gladiator on Dec 4, 2019.
             Was a Believer of Makhleb.
             Mangled by an iguana (10 damage)
             ... on level 4 of the Dungeon.
             The game lasted 00:06:35 (2700 turns).

MrRokkomies the Skirmisher (Ghoul Gladiator)        Turns: 2700, Time: 00:06:37

Health: -9/52      AC: 13    Str: 20    XL:     6   Next: 8%
Magic:  5/5        EV:  6    Int:  3    God:    Makhleb [**....]
Gold:   150        SH:  0    Dex: 10    Spells: 5/5 levels left

rFire    . . .     SeeInvis .   a - +0 war axe
rCold    + . .     Gourm    .   (no shield)
rNeg     + + +     Faith    .   c - +0 plate armour
rPois    ∞         Spirit   .   g - +2 hat
rElec    .         Reflect  .   (no cloak)
rCorr    .         Harm     .   (no gloves)
MR       .....                  h - +0 pair of boots
Stlth    ..........             (no amulet)
HPRegen  0.00/turn              (no ring)
MPRegen  0.09/turn              (no ring)

@: rotting
A: rotting body, claws 1, carnivore, cold resistance 1, negative energy
resistance 3, inhibited regeneration, torment resistance, unbreathing
a: Minor Destruction, Renounce Religion


You were on level 4 of the Dungeon.
You worshipped Makhleb.
Makhleb was pleased with you.
You were not hungry.

You visited 1 branch of the dungeon, and saw 4 of its levels.

You collected 150 gold pieces.

Inventory:

Hand Weapons
 a - a +0 war axe (weapon)
Missiles
 d - 6 throwing nets
 j - 153 stones
 l - 21 bolts
 m - 18 poisoned darts (quivered)
 p - 44 arrows
Armour
 c - a +0 plate armour (worn)
 g - a +2 hat (worn)
 h - a +0 pair of boots (worn)
Scrolls
 e - 3 scrolls of teleportation
 k - a scroll of magic mapping
 r - 2 scrolls of identify
 s - 2 scrolls of remove curse
 u - a scroll of enchant weapon {unknown}
 v - a scroll of random uselessness {unknown}
Potions
 b - a potion of agility {unknown}
 i - 3 potions of might
 o - a potion of brilliance {unknown}
 q - 3 potions of flight {unknown}
 t - a potion of haste {unknown}
Comestibles
 f - 8 rations


   Skills:
 * Level 4.2 Fighting
 * Level 4.1 Axes
 + Level 2.4 Throwing
 + Level 0.6 Armour
 - Level 3.2 Dodging
 + Level 1.2 Invocations


You had 5 spell levels left.
You didn't know any spells.
Your spell library was empty.

Dungeon Overview and Level Annotations

Branches:
Dungeon (4/15)
 Temple: D:4-7

Altars:
Makhleb
The Shining One


Innate Abilities, Weirdness & Mutations

Your body is rotting away.
You thrive on raw meat.
You are immune to poison.
You have sharp fingernails.
You are carnivorous and can eat meat at any time.
Your flesh is cold resistant. (rC+)
You are immune to negative energy. (rN+++)
You do not regenerate when monsters are visible.
You are immune to unholy pain and torment.
You can survive without breathing.


Message History

You eat the chunk of flesh.
This raw flesh tastes great!
The iguana bites you but does no damage.
Your plate armour prevents you from hitting the iguana.
The iguana is heavily wounded.
The iguana bites you.
You hit the iguana.
The iguana is almost dead.
The iguana barely misses you. The iguana bites you!
* * * LOW HITPOINT WARNING * * *
You completely miss the iguana.
The iguana is almost dead.
The iguana bites you!
* * * LOW HITPOINT WARNING * * *
You barely miss the iguana.
The iguana is almost dead.
The iguana bites you but does no damage.
You hit the iguana but do no damage.
The iguana is almost dead.
The iguana bites you!
You die...

############
###...........
#.....###.#.##
#####.....###.#.#
#...)....[....#.#
#.###.....#####..
#.# #.....# ###
#@# ###.### #l#
#.# #.# #.# #.#
#.# ... .# ..#
..# #..#


You could see an iguana.

Vanquished Creatures
  A howler monkey (D:4)
  A crimson imp (D:2)
  A centaur skeleton (D:4)
  Terence (D:2)
  Robin (D:3)
  3 adders (D:2)
  An ooze (D:3)
  3 worms
  A dart slug (D:1)
  2 leopard geckos (D:2)
  2 orcs (D:3)
  4 giant cockroaches
  20 goblins
  4 hobgoblins
  7 kobolds
  A quokka (D:4)
  A ball python (D:3)
  3 bats
  5 frilled lizards
  A leopard gecko skeleton (D:4)
  3 rats
66 creatures vanquished.

Notes
Turn   | Place    | Note
-------+----------+-------------------------------------------
     0 | D:1      | MrRokkomies the Ghoul Gladiator began the quest for the
                  | Orb.
     0 | D:1      | Reached XP level 1. HP: 17/17 MP: 0/0
    67 | D:1      | Reached XP level 2. HP: 18/25 MP: 1/1
   628 | D:2      | Reached XP level 3. HP: 23/30 MP: 2/2
   880 | D:2      | Reached XP level 4. HP: 22/38 MP: 3/3
  1030 | D:2      | Noticed Terence
  1038 | D:2      | Killed Terence
  1147 | D:2      | Found a faded altar of an unknown god.
  1155 | D:2      | Became a worshipper of Makhleb the Destroyer
  1155 | D:2      | Reached * piety under Makhleb
  1489 | D:3      | Reached XP level 5. HP: 45/45 MP: 4/4
  2153 | D:3      | Noticed Robin
  2175 | D:3      | Killed Robin
  2196 | D:3      | Found a glowing golden altar of the Shining One.
  2242 | D:3      | Reached ** piety under Makhleb
  2500 | D:4      | Reached skill level 1 in Invocations
  2675 | D:4      | Reached XP level 6. HP: 33/52 MP: 5/5
  2698 | D:4      | HP: 1/52 [iguana (7)]
  2700 | D:4      | Mangled by an iguana

Levels and vault maps discovered:
D:1:      elethiomel_arrival_quiet, layout_basic
D:2:      layout_basic, chequers_ecumenical_altar_simple_redux, first_ration,
          uniq_terence
D:3:      layout_basic, tso_oasis_becter, minmay_misc_feat_five,
          kennysheep_generic_room_5, uniq_robin
D:4:      layout_loops_ring, minmay_temple_entry_butterflies, lightli_minifort

Skill      XL: |  1  2  3  4  5 |
---------------+----------------+-----
Axes           | 3 4 |  4.1
Fighting       | 3 4 |  4.2
Dodging        | 3 |  3.2
Throwing       | 2 |  2.4
Invocations    | 1 |  1.2
Armour         | |  0.6

Action                   |  1- 3 |  4- 6 || total
-------------------------+-------+-------++-------
Melee: War axe           |    93 |   156 ||   249
Throw: Dart              |       |     3 ||     3
  Use: Scroll            |       |     5 ||     5
  Eat: Chunk             |     3 |     6 ||     9
Armor: Leather armour    |    46 |     3 ||    49
       Ring mail         |       |     2 ||     2
       Plate armour      |       |   104 ||   104
Dodge: Dodged            |    62 |    59 ||   121

Table legend:
 A = Non-vault XP
 B = Vault XP
 C = Vault XP percentage of total XP
 D = Non-vault monster count
 E = Vault monster count
 F = Vault count percentage of total count
                 A         B        C        D         E       F
            +---------+---------+-------+---------+---------+-------
      Total |     261 |      84 |  24.3 |      49 |      17 |  25.8
            +---------+---------+-------+---------+---------+-------
        D:1 |      17 |       0 |   0.0 |      10 |       0 |   0.0
        D:2 |     109 |      36 |  24.8 |      16 |       1 |   5.9
        D:3 |      39 |      48 |  55.2 |      18 |      16 |  47.1
        D:4 |      96 |       0 |   0.0 |       5 |       0 |   0.0
            +---------+---------+-------+---------+---------+-------
